 Dungeon Crawl Stone Soup version 0.22-a0-422-g9628fc8 (webtiles) character file.

284 galech the Covered (level 6, -5/47 HPs)
             Began as a Gnoll Wanderer on May 16, 2018.
             Was an Initiate of Okawaru.
             Killed by nerve-wracking pain
             ... invoked by an orc priest
              (9 damage)
             ... on level 2 of the Dungeon.
             The game lasted 00:09:25 (4658 turns).

galech the Covered (Gnoll Wanderer)                 Turns: 4658, Time: 00:09:25

Health: -5/47      AC:  7    Str: 16    XL:     6   Next: 29%
Magic:  11/11      EV: 16    Int: 14    God:    Okawaru [......]
Gold:   206        SH:  0    Dex: 15    Spells: 10/11 levels left

rFire    . . .     SeeInvis .   u - -3 spear (curse)
rCold    . . .     Gourm    .   (no shield)
rNeg     . . .     Faith    .   n - +1 leather armour {rPois}
rPois    +         Spirit   .   (no helmet)
rElec    .         Reflect  .   (no cloak)
rCorr    .         Harm     .   (no gloves)
MR       .....                  t - -1 pair of boots (curse)
Stlth    ++........             (no amulet)
HPRegen  0.15/turn              r - +2 ring of protection
MPRegen  0.12/turn              f - +4 ring of evasion

@: no status effects
A: distributed training, fangs 1, strong nose
a: Renounce Religion


You were on level 2 of the Dungeon.
You worshipped Okawaru.
Okawaru was noncommittal.
You were not hungry.

You visited 2 branches of the dungeon, and saw 5 of its levels.

You collected 206 gold pieces.

Inventory:

Hand Weapons
 a - a +3 whip
 b - a +0 hand axe
 u - a cursed -3 spear (weapon)
Armour
 j - a +0 buckler
 n - a +1 leather armour of poison resistance (worn)
 t - a cursed -1 pair of boots (worn)
 w - a cursed +0 leather armour
Jewellery
 c - an uncursed ring of flight
 f - a +4 ring of evasion (right hand)
 r - a +2 ring of protection (left hand)
 v - a cursed ring of teleportation {unknown}
Scrolls
 e - 3 scrolls of identify
 h - 3 scrolls of blinking
 i - a scroll of amnesia
 k - 2 scrolls of enchant weapon
 l - 2 scrolls of teleportation
Potions
 g - a potion of ambrosia {unknown}
 m - a potion of agility {unknown}
 o - a potion of degeneration {unknown}
 p - a potion of haste
 q - a potion of flight {unknown}
 s - 2 potions of curing {unknown}
Comestibles
 d - 2 rations


   Skills:
 + Level 3.2 Fighting
 + Level 1.8 Short Blades
 + Level 1.8 Long Blades
 + Level 3.2 Axes
 + Level 1.8 Maces & Flails
 + Level 1.8 Polearms
 + Level 1.8 Staves
 + Level 1.8 Slings
 + Level 1.8 Bows
 + Level 1.8 Crossbows
 + Level 3.2 Throwing
 + Level 6.8 Armour
 + Level 1.8 Dodging
 + Level 1.8 Stealth
 + Level 1.8 Shields
 + Level 1.8 Unarmed Combat
 + Level 3.3 Spellcasting
 + Level 1.4 Conjurations
 + Level 1.4 Hexes
 + Level 1.4 Charms
 + Level 2.6 Summonings
 + Level 1.4 Necromancy
 + Level 1.4 Translocations
 + Level 1.4 Transmutations
 + Level 1.4 Fire Magic
 + Level 1.4 Ice Magic
 + Level 1.4 Air Magic
 + Level 1.4 Earth Magic
 + Level 2.6 Poison Magic
 + Level 2.0 Invocations
 + Level 3.2 Evocations


You had 10 spell levels left.
You knew the following spells:

 Your Spells              Type           Power        Failure   Level  Hunger
a - Magic Dart            Conj           #...         14%         1    #......

Your spell library contained the following spells:

 Spells                   Type           Power        Failure   Level  Hunger
 Conjure Flame            Conj/Fire      #.......     38%         3    ###....
 Slow                     Hex            #.......     21%         2    ##.....
 Mephitic Cloud           Conj/Pois/Air  #.......     34%         3    ###....
 Blink                    Tloc           N/A          21%         2    ##.....
 Call Imp                 Summ           #.......     13%         2    ##.....


Dungeon Overview and Level Annotations

Branches:
Dungeon (4/15)             Temple (1/1) D:4

Altars:
Ashenzari
Cheibriados
Fedhas
Gozag
Hepliaklqana
Nemelex Xobeh
Okawaru
Qazlal
Ru
Trog
Vehumet
Wu Jian
Xom
Yredelemnul

Annotations:
D:3 Grinder, Natasha
D:4 2 transporters, Menkaure


Innate Abilities, Weirdness & Mutations

Your experience applies equally to all skills.
You have very sharp teeth.
Your uncanny sense of smell can sniff out nearby items.


Message History

a hand axe; a short sword; an orc corpse You barely miss the orc priest.
The orc priest hits you with a dagger.
* * * LOW HITPOINT WARNING * * *
You hit the orc priest but do no damage.
The orc priest misses you.
You hit the orc priest but do no damage.
The orc priest hits you but does no damage.
You barely miss the orc priest. The orc priest barely misses you.
The orc priest hits you but does no damage.
You hit the orc priest but do no damage.
The orc priest hits you with a dagger.
* * * LOW HITPOINT WARNING * * *
You hit the orc priest but do no damage.
You bite the orc priest, but do no damage.
The orc priest hits you with a dagger.
* * * LOW HITPOINT WARNING * * *
You closely miss the orc priest.
The orc priest invokes the aid of Beogh against you.
Pain shoots through your body!
You die...

# ############ # #..........##
# #.#####.....########## #
#.#####.#.#..........# #
#.##....#...########.# #
###.##....##.## #.# #
#...)...>....#########.#######
#.#.<.......o@................
#)#..........##.#####...######
#.#..........##.......#...>.##
##.##.#...#.#.##..####...##...#
###...#.#...#.#.##..#
#..#)..#..
....#...#...#.#.##..#
#.##.#...#
###...#.#####.#.##..#
#.##.##.## ##....#####...##..#
#.##..#.#
####.........##..####.###.#.#


You could see an orc priest.

Vanquished Creatures
  An orc wizard (D:3)
  Natasha (twice) (D:3)
  5 adders
  6 gnolls
  An ooze (D:3)
  4 worms
  2 dart slugs (D:1)
  A leopard gecko (D:2)
  6 orcs
  6 bats
  4 giant cockroaches
  8 goblins
  7 hobgoblins
  11 kobolds
  2 quokkas (D:3)
  A ball python (D:2)
  6 frilled lizards
  8 rats
81 creatures vanquished.

Notes
Turn   | Place    | Note
-------+----------+-------------------------------------------
     0 | D:1      | galech the Gnoll Wanderer began the quest for the Orb.
     0 | D:1      | galech set off with: a +0 hand axe, a +0 robe, a ration
     0 | D:1      | Reached XP level 1. HP: 17/17 MP: 4/4
     4 | D:1      | Learned a level 1 spell: Magic Dart
    98 | D:1      | Reached XP level 2. HP: 21/23 MP: 5/5
   504 | D:1      | Reached XP level 3. HP: 28/28 MP: 7/7
  1038 | D:2      | Reached skill level 1 in Invocations
  1040 | D:2      | HP: 1/28 [worm (7)]
  1385 | D:2      | Reached skill level 1 in Short Blades
  1385 | D:2      | Reached skill level 1 in Long Blades
  1385 | D:2      | Reached skill level 1 in Maces & Flails
  1385 | D:2      | Reached skill level 1 in Polearms
  1385 | D:2      | Reached skill level 1 in Staves
  1385 | D:2      | Reached skill level 1 in Slings
  1385 | D:2      | Reached skill level 1 in Bows
  1385 | D:2      | Reached skill level 1 in Crossbows
  1385 | D:2      | Reached skill level 1 in Dodging
  1385 | D:2      | Reached skill level 1 in Stealth
  1385 | D:2      | Reached skill level 1 in Shields
  1385 | D:2      | Reached skill level 1 in Unarmed Combat
  1454 | D:2      | Found an opulent altar of Gozag.
  1507 | D:2      | Reached XP level 4. HP: 34/34 MP: 8/8
  1534 | D:2      | Reached skill level 1 in Conjurations
  1534 | D:2      | Reached skill level 1 in Hexes
  1534 | D:2      | Reached skill level 1 in Charms
  1534 | D:2      | Reached skill level 1 in Necromancy
  1534 | D:2      | Reached skill level 1 in Translocations
  1534 | D:2      | Reached skill level 1 in Transmutations
  1534 | D:2      | Reached skill level 1 in Fire Magic
  1534 | D:2      | Reached skill level 1 in Ice Magic
  1534 | D:2      | Reached skill level 1 in Air Magic
  1534 | D:2      | Reached skill level 1 in Earth Magic
  2094 | D:2      | Reached XP level 5. HP: 37/40 MP: 9/9
  2480 | D:3      | Noticed Natasha
  2518 | D:3      | Killed Natasha
  2958 | D:3      | Noticed Grinder
  3097 | D:3      | Noticed Natasha
  3101 | D:3      | Paralysed by Grinder for 3 turns
  3287 | D:4      | Noticed Menkaure
  3560 | D:3      | Reached XP level 6. HP: 46/47 MP: 10/10
  3610 | D:3      | Killed Natasha
  3858 | D:3      | Paralysed by Grinder for 4 turns
  3894 | D:4      | Noticed a fire elemental
  3895 | D:4      | Found a stormy altar of Qazlal.
  3897 | D:4      | Noticed an air elemental
  3897 | D:4      | Noticed a water elemental
  3930 | D:4      | Found a staircase to the Ecumenical Temple.
  3937 | Temple   | Entered the Ecumenical Temple
  3958 | Temple   | Became a worshipper of Warmaster Okawaru
  4001 | D:4      | Found a transporter.
  4019 | D:4      | Found a transporter.
  4059 | D:4      | Found an ornate altar of the Wu Jian Council.
  4106 | D:3      | Paralysed by Grinder for 6 turns
  4115 | D:3      | Paralysed by Grinder for 2 turns
  4118 | D:3      | HP: 1/47 [Grinder/nerve-wracking pain (11)]
  4176 | D:3      | Noticed Natasha
  4658 | D:2      | Killed from afar by an orc priest

Vault maps used:
D:1:      dpeg_arrival_tiny_f, serial_forest, infiniplex_forest_end_1,
          infiniplex_forest_clump_small, infiniplex_forest_clump_small,
          infiniplex_forest_clump_C
D:2:      grunt_gozag_statues
D:3:      kennysheep_generic_room_4, uniq_natasha, uniq_grinder
D:4:      gammafunk_steamed_eel, grunt_temple_overflow_open,
          nicolae_qazlal_style_of_elements, minmay_temple_entry_junction,
          first_ration, minivault_11, uniq_menkaure
Temple:   minmay_temple_bridge_abc

Skill      XL: |  1  2  3  4  5  6 |
---------------+-------------------+-----
Summonings     | 2 |  2.6
Poison Magic   | 2 |  2.6
Invocations    | 1 2 |  2.0
Short Blades   | 1 |  1.8
Long Blades    | 1 |  1.8
Maces & Flails | 1 |  1.8
Polearms       | 1 |  1.8
Staves         | 1 |  1.8
Slings         | 1 |  1.8
Bows           | 1 |  1.8
Crossbows      | 1 |  1.8
Dodging        | 1 |  1.8
Stealth        | 1 |  1.8
Shields        | 1 |  1.8
Unarmed Combat | 1 |  1.8
Spellcasting   | 3 |  3.3
Conjurations   | 1 |  1.4
Hexes          | 1 |  1.4
Charms         | 1 |  1.4
Necromancy     | 1 |  1.4
Translocations | 1 |  1.4
Transmutations | 1 |  1.4
Fire Magic     | 1 |  1.4
Ice Magic      | 1 |  1.4
Air Magic      | 1 |  1.4
Earth Magic    | 1 |  1.4
Fighting       | 3 |  3.2
Axes           | 3 |  3.2
Throwing       | 3 |  3.2
Evocations     | 3 |  3.2
Armour         | |  6.8

Action                   |  1- 3 |  4- 6 || total
-------------------------+-------+-------++-------
Melee: Whip              |   110 |    30 ||   140
       Hand axe          |     4 |       ||     4
       Bite              |     9 |    40 ||    49
       Spear             |       |   321 ||   321
       Punch             |       |     1 ||     1
  Use: Scroll            |       |     9 ||     9
 Stab: Sleeping          |     2 |     1 ||     3
  Eat: Chunk             |     2 |     8 ||    10
       Ration            |       |     1 ||     1
Armor: Robe              |     3 |       ||     3
       Leather armour    |    20 |    67 ||    87
Dodge: Dodged            |    73 |   231 ||   304

Table legend:
 A = Spawn XP
 B = Non-spawn XP
 C = Spawn XP percentage of total XP
 D = Spawn monster count
 E = Non-spawn monster count
 F = Spawn count percentage of total count
 G = Total turns spent on level
                    A         B        C        D         E        F      G
               +---------+---------+-------+---------+---------+-------+---------
         Total |       0 |     407 |   0.0 |       0 |      81 |   0.0 |  4658
               +---------+---------+-------+---------+---------+-------+---------
           D:1 |       0 |      37 |   0.0 |       0 |      21 |   0.0 |  1052
           D:2 |       0 |     156 |   0.0 |       0 |      32 |   0.0 |  1809
           D:3 |       0 |     212 |   0.0 |       0 |      27 |   0.0 |  1606
           D:4 |       0 |       2 |   0.0 |       0 |       1 |   0.0 |   149
               +---------+---------+-------+---------+---------+-------+---------
